 Dungeon Crawl Stone Soup version 0.29.1-12-g30fa7ad0bf (webtiles) character file.

Game seed: 1373638588436336213

377 DemonSlayer the Digger (level 6, -1/42 HPs)
             Began as a Demonspawn Earth Elementalist on Jan 4, 2023.
             Killed by nerve-wracking pain
             ... invoked by Grinder
              (2 damage)
             ... on level 4 of the Dungeon on Jan 5, 2023.
             The game lasted 00:09:47 (3106 turns).

DemonSlayer the Digger (DsEE)                       Turns: 3106, Time: 00:09:48

Health: -1/42      AC:  7    Str:  8    XL:     6   Next: 45%
Magic:  11/12      EV: 15    Int: 19    God:
Gold:   121        SH:  0    Dex: 15    Spells: 9/13 levels left

rFire   + . .      SeeInvis .   t - +0 short sword (drain)
rCold   . . .      Faith    .   (no shield)
rNeg    . . .      Spirit   .   v - +0 leather armour {rF+}
rPois   .          Reflect  .   (helmet restricted)
rElec   .          Harm     .   (no cloak)
rCorr   .          Rampage  .   (no gloves)
Will    .....                   (no boots)
Stlth   +++.......              (no amulet)
HPRegen 0.14/turn               b - +4 ring of evasion
MPRegen 0.13/turn               f - +4 ring of protection

@: lethally poisoned (-1 -> -9), about to teleport, studying Stealth
A: antennae 2, thin skeletal structure 1, demonic magic 1
a: no special abilities


You were on level 4 of the Dungeon.
You visited 1 branch of the dungeon, and saw 4 of its levels.

You collected 121 gold pieces.

Inventory:

Hand Weapons
 t - a +0 short sword of draining (weapon)
Missiles
 c - 5 silver boomerangs
Armour
 a - a +0 pair of boots
 v - a +0 leather armour of fire resistance (worn)
Jewellery
 b - a +4 ring of evasion (left hand)
 d - a ring of poison resistance
 f - a +4 ring of protection (right hand)
 q - a ring of fire
 r - a +6 ring of strength
Wands
 u - a wand of mindburst (11)
Scrolls
 h - a scroll of magic mapping
 k - a scroll of amnesia
 m - a scroll of poison {unknown}
 n - a scroll of vulnerability {unknown}
 p - a scroll of butterflies {unknown}
Potions
 g - 2 potions of curing
 i - a potion of mutation
 o - 2 potions of attraction {unknown}
 s - 2 potions of ambrosia {unknown}


   Skills:
 + Level 0.5 Fighting
 + Level 0.7 Short Blades
 + Level 2.1 Dodging
 + Level 3.5 Stealth
 + Level 0.6 Unarmed Combat
 + Level 4.1 Spellcasting
 + Level 0.8 Transmutations
 + Level 4.5 Earth Magic
 + Level 0.5 Evocations


You had 9 spell levels left.
You knew the following spells:

 Your Spells              Type           Power      Damage    Failure   Level
a - Sandblast             Erth           42%        2d11      3%          1
b - Stone Arrow           Conj/Erth      24%        3d8       24%         3

Your spell library contained the following spells:

 Spells                   Type           Power      Damage    Failure   Level
 Passwall                 Tmut/Erth      11%        N/A       10%         2
 Petrify                  Tmut/Erth      14%        N/A       54%         4
 Olgreb's Toxic Radiance  Pois           3%         N/A       89%         4
 Ozocubu's Refrigeration  Ice            1%         4d7       100%        7
 Ignition                 Fire           1%         3d3       100%        8


Dungeon Overview and Level Annotations

Branches:
Dungeon (4/15)
 Temple: D:4-7

Altars:

Shops:
D:2 =

Annotations:
D:4 Grinder


Innate Abilities, Weirdness & Mutations

You have a pair of antennae on your head.
You have a somewhat thin skeletal structure. (Dex +2, Stealth+)
Spells you cast may paralyse adjacent enemies.


Message History

Magic restored.
A kobold comes into view. It is wielding a +0 club.
Things that are here:
a +0 whip; 6 gold pieces; a kobold corpse A kobold is nearby!
A kobold is nearby!
A kobold is nearby!
Grinder comes into view.
The helpless kobold fails to defend itself.
You puncture the kobold!
You kill the kobold!
Grinder shouts!
Things that are here:
a +0 club; a kobold corpse A scorpion comes into view.
Found 9 gold pieces.
Grinder closely misses you.
The blast of sand hits Grinder!
Grinder is moderately wounded.
Malevolent energies surge around you. Grinder gestures at you.
You suddenly lose the ability to move!
Grinder hits you!
You writhe in agony.
The scorpion stings you but does no damage.
Grinder hits you!
You writhe in agony.
The scorpion stings you.
* * * LOW HITPOINT WARNING * * *
You are lethally poisoned!
The scorpion poisons you! Grinder hits you.
* * * LOW HITPOINT WARNING * * *
You can move again.
Unknown command.
As you read the scroll of teleportation, it crumbles to dust.
You feel strangely unstable.
* * * LOW HITPOINT WARNING * * *
You feel very sick. The scorpion stings you.
* * * LOW HITPOINT WARNING * * *
Grinder gestures at you. Pain shoots through your body!
You die...

.. #.# #..## ..# #.#
##..# ...# #.## #<.##
...###..#####).##
#..............#..
#...............#
##...)...........#
##..............#.+
#...@...........###
......5s............#
#.....................
##...............###..
##..............#
#..............
..$...........
........##....


You could see Grinder and a scorpion.

Vanquished Creatures
  Sigmund (D:3)
  A phantom (D:3)
  Ijyb (D:3)
  Robin (D:3)
  3 adders
  A worm (D:2)
  A dart slug (D:1)
  5 orcs (D:3)
  5 ball pythons
  7 bats
  4 endoplasms
  2 giant cockroaches (D:1)
  13 goblins
  5 hobgoblins
  3 jackals (D:1)
  A quokka (D:3)
  2 frilled lizards
  6 kobolds
  3 rats
65 creatures vanquished.

Vanquished Creatures (others)
  A goblin (D:3)
1 creature vanquished.

Grand Total: 66 creatures vanquished

Notes
Turn   | Place    | Note
-------+----------+-------------------------------------------
     0 | D:1      | DemonSlayer the Demonspawn Earth Elementalist began the
                  | quest for the Orb.
     0 | D:1      | Reached XP level 1. HP: 13/13 MP: 3/3
   106 | D:1      | Gained mutation: You have a somewhat thin skeletal
                  | structure. (Dex +2, Stealth+) [demonic ancestry]
   106 | D:1      | Reached XP level 2. HP: 10/19 MP: 0/5
   785 | D:1      | Found a faded altar of an unknown god.
  1174 | D:1      | Gained mutation: You have a pair of small antennae on your
                  | head. [demonic ancestry]
  1174 | D:1      | Reached XP level 3. HP: 24/24 MP: 4/6
  1202 | D:1      | Learned a level 3 spell: Stone Arrow
  1584 | D:2      | Found Jemojete's Jewellery Boutique.
  1929 | D:3      | Noticed Robin
  2098 | D:3      | Gained mutation: You have a pair of antennae on your head.
                  | [demonic ancestry]
  2098 | D:3      | Reached XP level 4. HP: 31/31 MP: 3/8
  2204 | D:3      | Noticed Sigmund
  2336 | D:3      | Noticed a phantom
  2800 | D:3      | Noticed Ijyb
  2805 | D:3      | Killed Ijyb
  2956 | D:3      | Killed Sigmund
  2957 | D:3      | Gained mutation: Spells you cast may paralyse adjacent
                  | enemies. [demonic ancestry]
  2957 | D:3      | Reached XP level 5. HP: 25/36 MP: 8/10
  2957 | D:3      | Reached XP level 6. HP: 29/42 MP: 8/11
  2991 | D:3      | Killed Robin
  3098 | D:4      | Noticed Grinder
  3103 | D:4      | Paralysed by Grinder for 3 turns
  3106 | D:4      | HP: 1/42 [scorpion (4)]
  3106 | D:4      | Killed from afar by Grinder

Illustrated notes

Levels and vault maps discovered:
D:1:      dpeg_arrival_three_same_balls, layout_basic, basic_ecumenical_altar,
          corexii_item_surrounded_by_moat, item_on_display_a
D:2:      layout_rooms, serial_shops, nicolae_shop_trees
D:3:      layout_loops_ring, serial_rivers, chequers_serial_rivers_marsh,
          chequers_serial_rivers_micro_d, chequers_serial_rivers_room_b,
          chequers_serial_rivers_room_b, chequers_serial_rivers_micro_e,
          uniq_sigmund, uniq_robin, uniq_ijyb
D:4:      layout_layer_cave, nicolae_gozag_seed_capital,
          mainiacjoe_overflow_concentric_impassable, mainiacjoe_overflow_swirl,
          minmay_temple_entry_glassed_door, uniq_grinder, uniq_blork_the_orc,
          uniq_pikel

Skill      XL: |  1  2  3  4  5  6 |
---------------+-------------------+-----
Earth Magic    | 3 4 |  4.5
Stealth        | 2 3 |  3.5
Dodging        | 2 |  2.1
Spellcasting   | 3 4 |  4.1
Fighting       | |  0.5
Short Blades   | |  0.7
Unarmed Combat | |  0.6
Transmutations | |  0.8
Evocations     | |  0.5

Action                   |  1- 3 |  4- 6 || total
-------------------------+-------+-------++-------
Melee: Unarmed           |     9 |       ||     9
       Dagger            |     9 |     1 ||    10
       Short sword       |       |     7 ||     7
 Cast: Sandblast         |    58 |    43 ||   101
Evoke: Wand              |       |     7 ||     7
  Use: Potion            |     1 |       ||     1
       Scroll            |     5 |     2 ||     7
 Stab: Sleeping          |     2 |     2 ||     4
       Distracted        |       |     1 ||     1
       Paralysed         |       |     5 ||     5
Armor: Robe              |    13 |     7 ||    20
       Leather armour    |       |     2 ||     2
Dodge: Dodged            |    28 |    31 ||    59
